 Dungeon Crawl Stone Soup version 0.30.1-3-gfc49f6343a (webtiles) character file.

Game seed: 328735264467320504

65 Descartes the Ducker (level 3, -2/15 HPs)
             Began as a Felid Transmuter on July 18, 2023.
             Slain by a black bear (4 damage)
             ... on level 4 of the Dungeon.
             The game lasted 00:02:41 (2163 turns).

Descartes the Ducker (Felid Transmuter)             Turns: 2163, Time: 00:02:41

Health: -2/15      AC:  1    Str:  8    XL:     3   Next: 92%
Magic:  6/7        EV: 18    Int: 14    God:
Gold:   133        SH:  0    Dex: 16    Spells: 5/6 levels left
                                        Lives:  0   Deaths: 0

rFire   . .          .
                       - Unarmed
rCold   . . .        (shield unavailable)
rNeg    . . .        (body armour unavailable)
rPois   .            (helmet unavailable)
rElec   .            (cloak unavailable)
rCorr   .            (gloves unavailable)
SInv    +            (boots unavailable)
Will    .....        (no amulet)
Stlth   +            (no ring)
HPRegen 0.22/turn    (no ring)
MPRegen 0.10/turn

%: no passive effects
@: appendages, quick
A: horns 2, very small, claws 1, fangs 3, see invisible, speed 1, shaggy fur 1,
stealthy paws, no weapons or thrown items, no armour, multi-lived
a: End Transformation


You were on level 4 of the Dungeon.
You had temporarily grown beastly horns.
You visited 1 branch of the dungeon, and saw 4 of its levels.

You collected 133 gold pieces.

Inventory:

Jewellery
 m - a ring of ice
Wands
 n - a wand of digging (5)
Scrolls
 b - a scroll of vulnerability {unknown}
 d - 2 scrolls of magic mapping {unknown}
 e - 3 scrolls of identify {unknown}
 f - a scroll of silence {unknown}
 h - a scroll of teleportation {unknown}
 j - 2 scrolls of poison {unknown}
 k - a scroll of fear {unknown}
Potions
 a - a potion of lignification
 c - a potion of invisibility {unknown}
 g - a potion of degeneration {unknown}
 i - a potion of cancellation {unknown}
 l - a potion of magic {unknown}
 o - a potion of attraction {unknown}
 p - a potion of curing {unknown}
 q - a potion of might {unknown}


   Skills:
 - Level 1.0 Fighting
 * Level 3.7 Dodging
 * Level 3.7 Unarmed Combat
 + Level 2.2 Spellcasting
 * Level 3.1 Transmutations


You had 5 spell levels left.
You knew the following spells:

 Your Spells              Type           Power      Damage    Failure   Level
a - Beastly Appendage     Tmut           20%        N/A       6%          1

Your spell library contained the following spells:

 Spells                   Type           Power      Damage    Failure   Level
 Wereblood                Tmut           10%        N/A       10%         2
 Spider Form              Tmut/Pois      5%         N/A       36%         3
 Ice Form                 Ice/Tmut       5%         N/A       77%         4


Dungeon Overview and Level Annotations

Branches:
Dungeon (4/15)
 Temple: D:4-7

Altars:
Gozag
Ru


Innate Abilities, Weirdness & Mutations

You have temporarily grown beastly horns.
You have sharp claws.
You have razor-sharp teeth.
You have supernaturally acute eyesight. (SInv)
You cover ground quickly. (Speed+)
You are covered in fur. (AC +1)
Your paws help you pounce on unaware monsters.
You are incapable of wielding weapons or throwing items.
You cannot wear armour.
You gain extra lives every three experience levels.


Message History

No target in view!
No target in view!
No target in view!
No target in view!
No target in view!
No target in view!
No target in view!
Your horns disappear.
There is an escape hatch in the floor here.
There is an escape hatch in the floor here.
There is an escape hatch in the floor here.
Done exploring.
Unknown command.
Done exploring.
There is a stone staircase leading down here.
You climb downwards.
There is a stone staircase leading up here.
A black bear is nearby!
Casting: Beastly Appendage (safe; 6% risk of failure)
Confirm with . or Enter, or press ? or * to list all spells.
You grow a pair of large bovine horns.
Found a stone staircase leading up.
The black bear bites you. The black bear closely misses you.
The black bear misses you.
You scratch the black bear but do no damage.
You headbutt the black bear!
The black bear is moderately wounded.
The black bear closely misses you. The black bear claws you. x2
You are too injured to fight recklessly!
You are too injured to fight recklessly!
You scratch the black bear.
You bite the black bear, but do no damage.
The black bear is heavily wounded.
The black bear closely misses you. The black bear misses you.
The black bear claws you.
* * * LOW HITPOINT WARNING * * *
Unknown command.
You scratch the black bear.
The black bear is severely wounded.
The black bear completely misses you. The black bear claws you.
You die...

... .. #.#
... #.#
##.. #.#
..#.###.#
......#<#
#.....# #
#.....#.#
.....#.@..#
####.#..h##
# #.....
...#....
#.#.##.....
#.#.. .....
..... #....
##.#.# <...


You could see a black bear.

Vanquished Creatures
  2 adders
  2 worms
  A dart slug (D:1)
  3 ball pythons
  6 bats
  2 endoplasms
  2 giant cockroaches (D:1)
  A goblin (D:2)
  4 hobgoblins
  3 jackals (D:1)
  A frilled lizard (D:3)
  6 kobolds
  3 rats
36 creatures vanquished.

Notes
Turn   | Place    | Note
-------+----------+-------------------------------------------
     0 | D:1      | Descartes the Felid Transmuter began the quest for the Orb.
     0 | D:1      | Reached XP level 1. HP: 9/9 MP: 4/4
   510 | D:1      | Reached XP level 2. HP: 8/12 MP: 4/6
   886 | D:2      | Reached XP level 3. HP: 15/15 MP: 5/7
  1557 | D:3      | Found a sacrificial altar of Ru.
  1840 | D:3      | Found an opulent altar of Gozag.
  2156 | D:4      | Noticed a black bear
  2163 | D:4      | Slain by a black bear

Illustrated notes

Levels and vault maps discovered:
D:1:      mushboom_english_gardens, layout_basic, minmay_box_of_dots
D:2:      layout_basic, minmay_curled_crystal, minmay_misc_feat_iff,
          hangedman_abyss_or_decor_stabs, serial_bayou_pond_c
D:3:      layout_loops_ring, mainiacjoe_overflow_concentric_impassable,
          general_overflow_altar
D:4:      layout_rooms, nicolae_hepliaklqana_hippocampus, led_sif_book,
          nicolae_kite_square_tiling_tiny

Skill      XL: |  1  2  3 |
---------------+----------+-----
Dodging        | 3 |  3.7
Transmutations | 3 |  3.1
Fighting       | |  1.0
Unarmed Combat | |  3.7
Spellcasting   | |  2.2

Action                     || total
---------------------------++-------
  Melee: Unarmed           ||   101
         Headbutt          ||    15
         Bite              ||    10
         Punch             ||     4
   Cast: Beastly Appendage ||    30
   Stab: Sleeping          ||     1
 Armour: Skin              ||     3
  Dodge: Dodged            ||    93
